AoeStats
← Zero aspettative

Black Forest

510390698Analyzed
3v3 RM · 15h ago on Sep 30, 2026· 37m 22s· 6 players
Game mode
Random Map
Map size
Normal (6 player)
Population
200
Speed
Normal
Resources
Standard
Victory
Conquest
Starting age
Dark Age
Ending age
Imperial Age
RankedLock teamsTeams togetherTeam positionsShared explorationLock speedFull tech treeHidden civsTurbo modeCheats
Victory
Defeat
🇸🇪 Persians · Sweden
1325
+13
🇸🇪 Celts · Sweden
1300
+14
🇸🇪 Britons · Sweden
1283
+14
🇮🇹 Bohemians · Italy
1267
-14
🇮🇹 Britons · Italy
1247
-14
🇮🇹 Italians · Italy
1246
-13
Knightgenny_ITA
0:44 Loom
11:48 Feudal Age
12:59 Horse Collar
16:23 Castle Age
14:36 Double-Bit Axe
18:14 Fletching
34:02 Wheelbarrow
Zero aspettative
2:24 Loom
13:50 Feudal Age
15:06 Double-Bit Axe
17:59 Castle Age
16:24 Horse Collar
19:39 Wheelbarrow
24:41 Imperial Age
25:10 Chemistry
Final_Tidus
0:28 Loom
13:41 Feudal Age
18:18 Castle Age
16:56 Double-Bit Axe
17:41 Gold Mining
22:20 Bow Saw
29:01 Imperial Age
31:00 Chemistry
29:25 Elite Skirmisher
32:50 Wheelbarrow
37:32 Hand Cart
It'sFriday
11:02 Feudal Age
12:06 Horse Collar
15:22 Castle Age
13:12 Horse Collar
14:35 Double-Bit Axe
15:24 Gold Mining
19:39 Pikeman
24:34 Wheelbarrow
24:18 Heavy Plow
27:30 Bow Saw
28:06 Scale Mail Armor
28:16 Forging
28:43 Loom
28:52 Stone Mining
30:36 Chain Mail Armor
30:57 Iron Casting
31:17 Hand Cart
32:49 Town Watch
32:56 Fletching
38:02 Imperial Age
Kaben
1:34 Loom
11:46 Feudal Age
14:54 Horse Collar
17:35 Castle Age
19:15 Double-Bit Axe
28:26 Imperial Age
27:09 Fletching
27:48 Bodkin Arrow
29:20 Ballistics
30:19 Bracer
30:43 Conscription
32:32 Padded Archer Armor
Mowgli
9:23 Loom
12:03 Feudal Age
15:46 Castle Age
14:09 Double-Bit Axe
14:40 Horse Collar
21:12 Scale Barding Armor
23:35 Heavy Plow
25:15 Bow Saw
28:00 Chain Barding Armor
27:51 Forging
30:57 Gold Mining
30:58 Stone Mining
34:06 Husbandry
34:24 Bloodlines
35:01 Iron Casting
36:54 Wheelbarrow
36:04 Town Watch
Connection lost

Rejoining the realm…

Still unreachable

The connection could not be restored.

Session expired

The server has moved on; the page needs a fresh start.